 Dungeon Crawl Stone Soup version 0.26.0-9-gab577f9fc5 (webtiles) character file.

Game seed: 6754011949192698297

139 Drevant2 the Caller (level 5, 0/52 HPs)
             Began as a Merfolk Summoner on Jan 13, 2021.
             Killed from afar by Ijyb (11 damage)
             ... with a puff of flame
             ... on level 3 of the Dungeon.
             The game lasted 00:09:01 (4257 turns).

Drevant2 the Caller (Merfolk Summoner)              Turns: 4257, Time: 00:09:01

Health: 0/52       AC:  3    Str:  8    XL:     5   Next: 22%
Magic:  1/8        EV: 13    Int: 16    God:
Gold:   97         SH:  0    Dex: 14    Spells: 2/8 levels left

rFire    . . .     SeeInvis .   j - +5 dagger
rCold    . . .     Faith    .   (no shield)
rNeg     . . .     Spirit   .   a - +0 robe
rPois    .         Reflect  .   (no helmet)
rElec    .         Harm     .   (no cloak)
rCorr    .         Rampage  .   (no gloves)
Will     .....                  f - +0 pair of boots
Stlth    ..........             (no amulet)
HPRegen  0.17/turn              (no ring)
MPRegen  0.11/turn              (no ring)

@: berserking, lethally poisoned (0 -> 0), very quick
A: change form in water, swift swim, stealthy swim
a: no special abilities


You were on level 3 of the Dungeon.
You visited 1 branch of the dungeon, and saw 3 of its levels.

You collected 97 gold pieces.

Inventory:

Hand Weapons
 c - a +0 hand axe
 j - a +5 dagger (weapon)
Armour
 a - a +0 robe (worn)
 f - a +0 pair of boots (worn)
Scrolls
 b - 3 scrolls of teleportation {unknown}
 e - 2 scrolls of fog {unknown}
 g - a scroll of remove curse {unknown}
Potions
 d - a potion of brilliance {unknown}
 i - a potion of heal wounds
 k - 3 potions of degeneration {unknown}
 l - a potion of invisibility {unknown}


   Skills:
 - Level 2.6 Dodging
 - Level 2.1 Stealth
 - Level 2.0 Spellcasting
 * Level 6.3 Summonings


You had 2 spell levels left.
You knew the following spells:

 Your Spells              Type           Power        Failure   Level
a - Summon Small Mammal   Summ           88%          1%          1
b - Call Imp              Summ           22%          2%          2
c - Call Canine Familiar  Summ           22%          4%          3

Your spell library contained the following spells:

 Spells                   Type           Power        Failure   Level
 Summon Guardian Golem    Hex/Summ       11%          17%         3
 Summon Ice Beast         Ice/Summ       11%          50%         4
 Summon Lightning Spire   Summ/Air       11%          50%         4


Dungeon Overview and Level Annotations

Branches:
Dungeon (3/15)

Altars:

Annotations:
D:3 Grinder, Ijyb


Message History

Your crimson imp completely misses the adder.
Your crimson imp hits the adder.
Your shadow imp barely misses Ijyb.
The adder closely misses your crimson imp.
You hit Ijyb.
Ijyb is moderately wounded.
Your hound bites Ijyb but does no damage.
Ijyb hits you.
* * * LOW HITPOINT WARNING * * *
You hit Ijyb but do no damage.
Ijyb is moderately wounded.
You feel sick.
The adder barely misses your crimson imp.
Your crimson imp misses the adder.
Your hound barely misses Ijyb.
Your crimson imp closely misses the adder.
Your shadow imp hits Ijyb but does no damage.
You hit Ijyb.
Ijyb is heavily wounded.
The adder bites your crimson imp.
Your hound barely misses Ijyb.
Ijyb zaps a wand.
The puff of flame hits you!
You die...

# #.# #.......#########...### #.#
#.......# ##...# #.#
################....# ##.#
#####..........### #..#
######.....####........
#####.####......########.#....##
##..........###### ##.....#......
).....##############..######...##
##.#### #####5S@......####>...#
(.....####....5g5............####
...........#.[..h..............).
......######.####################
##########...# # #..........###
########### #........[.#
#####.......... #......>...#
####.....#########
#..........#####....#####


You could see Ijyb, an adder, a friendly hound (summoned), 2 friendly crimson
imps and a friendly shadow imp (summoned).

Vanquished Creatures
  Robin (D:2)
  An adder (D:2)
  2 oozes (D:3)
  A worm (D:3)
  5 dart slugs (D:1)
  2 orcs (D:3)
  3 giant cockroaches (D:2)
  8 goblins
  8 hobgoblins
  5 jackals
  A quokka (D:2)
  3 ball pythons
  7 bats
  A frilled lizard (D:1)
  8 kobolds
  2 rats
58 creatures vanquished.

Vanquished Creatures (collateral kills)
  4 adders
  An ooze (D:1)
  2 leopard geckos (D:1)
  A giant cockroach (D:2)
  5 goblins (D:2)
  5 hobgoblins
  3 jackals
  A quokka (D:2)
  2 frilled lizards
  6 kobolds
  A rat (D:2)
31 creatures vanquished.

Grand Total: 89 creatures vanquished

Notes
Turn   | Place    | Note
-------+----------+-------------------------------------------
     0 | D:1      | Drevant2 the Merfolk Summoner began the quest for the Orb.
     0 | D:1      | Reached XP level 1. HP: 13/13 MP: 3/3
   221 | D:1      | Reached XP level 2. HP: 13/19 MP: 0/5
   486 | D:1      | Learned a level 2 spell: Call Imp
   525 | D:1      | You fall into a shaft and drop 1 floor!
   841 | D:1      | Reached XP level 3. HP: 16/24 MP: 6/6
  1147 | D:1      | Reached skill level 5 in Summonings
  1617 | D:1      | You fall into a shaft and drop 1 floor!
  2224 | D:1      | Reached XP level 4. HP: 30/30 MP: 5/7
  2567 | D:2      | Learned a level 3 spell: Call Canine Familiar
  3295 | D:2      | Noticed Robin
  3306 | D:2      | Killed Robin
  3307 | D:2      | Reached skill level 6 in Summonings
  3605 | D:3      | Reached XP level 5. HP: 31/35 MP: 8/8
  4199 | D:3      | Noticed Ijyb
  4199 | D:3      | Noticed Grinder
  4257 | D:3      | Killed from afar by Ijyb

Illustrated notes

Levels and vault maps discovered:
D:1:      dpeg_arrival_prison, layout_basic, nrook_uturn, minmay_small_reverse_x
D:2:      layout_basic, minmay_worlds_worst_comb, uniq_robin
D:3:      layout_rooms, uniq_ijyb, uniq_grinder

Skill      XL: |  1  2  3  4 |
---------------+-------------+-----
Summonings     | 5 6 |  6.3
Dodging        | |  2.6
Stealth        | |  2.1
Spellcasting   | |  2.0

Action                   |  1- 3 |  4- 6 || total
-------------------------+-------+-------++-------
Melee: Hand axe          |   129 |    46 ||   175
       Dagger            |       |    75 ||    75
 Cast: Summon Small Mamm |     6 |     2 ||     8
       Call Imp          |     6 |    14 ||    20
       Call Canine Famil |       |     3 ||     3
  Use: Potion            |       |     4 ||     4
 Stab: Sleeping          |     2 |     1 ||     3
Armor: Robe              |    55 |    30 ||    85
Dodge: Dodged            |   141 |   105 ||   246
